 Dungeon Crawl Stone Soup version 0.27-a0-1193-g8631133539 (webtiles) character file.

Game seed: 16747265614269135158

143 robertstho the Skirmisher (level 5, 0/43 HPs)
             Began as a Demonspawn Berserker on May 26, 2021.
             Was a Believer of Trog.
             Slain by an orc wizard
             ... wielding a +0 dagger
              (2 damage)
             ... on level 4 of the Dungeon.
             The game lasted 00:02:12 (3239 turns).

robertstho the Skirmisher (Demonspawn Berserker)    Turns: 3239, Time: 00:02:13

Health: 0/43       AC: 10    Str: 18    XL:     5   Next: 4%
Magic:  5/5        EV:  7    Int:  9    God:    Trog [**....]
Gold:   141        SH:  0    Dex: 12    Spells: 4/4 levels left

rFire    . . .     SeeInvis .   a - +0 falchion
rCold    . . .     Faith    .   (no shield)
rNeg     . . .     Spirit   .   d - +0 chain mail
rPois    .         Reflect  .   (no helmet)
rElec    .         Harm     .   (no cloak)
rCorr    .         Rampage  .   (no gloves)
Will     .....                  (no boots)
Stlth    ..........             (no amulet)
HPRegen  0.14/turn              (no ring)
MPRegen  0.09/turn              (no ring)

@: on berserk cooldown, slowed, very slow
A: rugged brown scales 1, ignite blood 1, powered by pain 1
a: Renounce Religion, Berserk, Trog's Hand


You were on level 4 of the Dungeon.
You worshipped Trog.
Trog was pleased with you.
You visited 1 branch of the dungeon, and saw 4 of its levels.

You collected 141 gold pieces.

Inventory:

Hand Weapons
 a - a +0 falchion (weapon)
Armour
 d - a +0 chain mail (worn)
Scrolls
 c - a scroll of identify {unknown}
 f - a scroll of enchant armour {unknown}
 i - a scroll of teleportation {unknown}
 l - a scroll of magic mapping {unknown}
 m - a scroll of fear {unknown}
Potions
 b - 2 potions of attraction {unknown}
 e - 3 potions of curing {unknown}
 g - a potion of lignification {unknown}
 h - a potion of berserk rage {unknown}
 j - a potion of heal wounds {unknown}
 k - a potion of cancellation {unknown}


   Skills:
 * Level 4.0 Fighting
 + Level 3.8 Long Blades
 * Level 2.8 Armour
 + Level 2.0 Dodging


You had 4 spell levels left.
You didn't know any spells.
Your spell library was empty.

Dungeon Overview and Level Annotations

Branches:
Dungeon (4/15)
 Temple: D:4-7

Altars:
Uskayaw


Innate Abilities, Weirdness & Mutations

You are partially covered in rugged brown scales. (AC +1, +3% HP)
Your demonic aura sometimes causes spilled blood to erupt in flames.
You sometimes gain a little power by taking damage.


Message History

The orc hits you with a +0 flail.
You hit the orc.
The orc is moderately wounded.
Something hits you but does no damage.
You hit the orc.
The orc is severely wounded.
The orc hits you with a +0 flail.
* * * LOW HITPOINT WARNING * * *
You closely miss the orc.
The orc is severely wounded.
Something hits you but does no damage. The orc hits you with a +0 flail.
* * * LOW HITPOINT WARNING * * *
You closely miss the orc.
The orc is severely wounded.
You hear some strange, mumbled words.
Something tries to affect you, but you resist.
The orc closely misses you.
Unknown command.
You barely miss the orc.
The orc is severely wounded.
Something hits you but does no damage. The orc hits you with a +0 flail.
* * * LOW HITPOINT WARNING * * *
You hit the orc.
You kill the orc!
Trog accepts your kill.
You miss something. Something hits you but does no damage.
You closely miss something. Something hits you but does no damage.
You closely miss something. Something hits you but does no damage.
You closely miss something. You closely miss something.
You are no longer berserk.
You are exhausted.
You feel yourself slow down. Something hits you but does no damage.
You miss something. Something hits you but does no damage.
You hear some strange, mumbled words.
A puff of flame appears from out of thin air!
The puff of flame hits you.
* * * LOW HITPOINT WARNING * * *
You barely miss something. Something hits you.
You die...

+ #+ . #. .###..
.###..... ......
###{)## #.#####..@).#
#.......>##...#
######...# .....
##..## ..$. ###....#
... #.....### ..
##.......##.......
#................#
#...............###..


There were no monsters in sight!

Vanquished Creatures
  An iguana (D:4)
  5 adders
  A worm (D:4)
  2 dart slugs (D:2)
  4 orcs
  5 ball pythons
  6 endoplasms
  3 giant cockroaches
  10 goblins
  4 hobgoblins
  3 jackals (D:2)
  2 kobolds (D:2)
  4 quokkas
  2 bats
  2 frilled lizards
  4 rats
58 creatures vanquished.

Vanquished Creatures (others)
  3 plants (D:2)
3 creatures vanquished.

Grand Total: 61 creatures vanquished

Notes
Turn   | Place    | Note
-------+----------+-------------------------------------------
     0 | D:1      | robertstho the Demonspawn Berserker began the quest for the
                  | Orb.
     0 | D:1      | Reached XP level 1. HP: 18/18 MP: 1/1
   438 | D:1      | Gained mutation: You are partially covered in rugged brown
                  | scales. (AC +1, +3% HP) [demonic ancestry]
   438 | D:1      | Reached XP level 2. HP: 17/24 MP: 2/2
  1159 | D:2      | Gained mutation: Your demonic aura sometimes causes spilled
                  | blood to erupt in flames. [demonic ancestry]
  1159 | D:2      | Reached XP level 3. HP: 28/29 MP: 3/3
  1405 | D:2      | Reached ** piety under Trog
  1582 | D:2      | Found a hide-covered altar of Uskayaw.
  2129 | D:3      | Gained mutation: You sometimes gain a little power by
                  | taking damage. [demonic ancestry]
  2129 | D:3      | Reached XP level 4. HP: 38/38 MP: 4/4
  2254 | D:3      | Found a faded altar of an unknown god.
  3225 | D:4      | Reached skill level 4 in Fighting
  3225 | D:4      | Reached XP level 5. HP: 20/43 MP: 5/5
  3238 | D:4      | HP: 2/43 [something/puff of flame (4)]
  3239 | D:4      | Slain by an orc wizard

Illustrated notes

Levels and vault maps discovered:
D:1:      erik_arrival_blinker_ship, layout_basic
D:2:      layout_loops_cross, basic_altar, guppyfry_early_lair_pool
D:3:      layout_basic, hellmonk_ecumenical_altar_slurped_away, st_stairs_6
D:4:      layout_cave_pools, hangedman_ru_absence, vehumet_altar_wand_db,
          nicolae_ashenzari_panopticon, lemuel_tele_altar,
          nemelex_spade_bored_becter, uniq_grinder

Skill      XL: |  1  2  3  4 |
---------------+-------------+-----
Long Blades    | 3 |  3.8
Armour         | 2 |  2.8
Dodging        | 2 |  2.0
Fighting       | 4 |  4.0

Action                   |  1- 3 |  4- 6 || total
-------------------------+-------+-------++-------
Melee: Falchion          |   113 |    70 ||   183
Invok: Berserk           |       |     1 ||     1
 Stab: Sleeping          |     1 |       ||     1
Armor: Animal skin       |     2 |       ||     2
       Chain mail        |    60 |    35 ||    95
Dodge: Dodged            |    51 |    20 ||    71
       Rpst.: Falchion   |    16 |     8 ||    24

Table legend: (Time is in decaauts)
 A = Elapsed time spent in this place.
 B = Non-inter-level travel time spent in this place.
 C = Inter-level travel time spent in this place.
 D = Time resting spent in this place.
 E = Time spent auto-exploring this place.
 F = Levels seen in this place.
 G = Mean time per level.
                   A        B        C        D        E       F      G
               +--------+--------+--------+--------+--------+-----+--------+
         Total |   3260 |   3159 |    101 |      0 |   2776 |   4 |  815.0 |
       Dungeon |   3260 |   3159 |    101 |      0 |   2776 |   4 |  815.0 |
               +--------+--------+--------+--------+--------+-----+--------+

Top non-repeatable levels by time:
     D:3: 1121 daAuts
     D:2: 1064 daAuts
     D:1: 986 daAuts
     D:4: 88 daAuts
